[Event "2023 IBCA European Team Championship for the Blind and Visually Impaired"]
[Site "Genoa, Italy"]
[Date "2023.04.28"]
[Round "8"]
[White "Stimec, Marjan"]
[Black "Atanasovski, Blazhe"]
[Result "1-0"]
[Time "15:00:00"]
[UTCTime "13:00:00"]
[UTCDate "2023.04.28"]
[Board "6.3"]
[WhiteTeam "Slovenia"]
[BlackTeam "North Macedonia"]
[WhiteCountry "SLO"]
[BlackCountry "MKD"]
[WhiteTitle "-"]
[BlackTitle "-"]
[WhiteElo "1771"]
[BlackElo "1760"]
[TimeControl "5400+30"]
[Opening "Petrov three knights game"]
[ECO "C42"]
[PlyCount "113"]
[EventDate "2023.04.20"]
[EventType "team"]
[EventRounds "9"]
[EventCountry "ITA"]
[Annotator "Vrioni, Bersan"]

1. e4 e5 2. Nf3 Nf6 3. Nc3 Nc6 4. Bc4 Nxe4 5. Nxe4 d5 6. Bxd5 Qxd5 7. Nc3 Qd8 8.
h3 Be7 9. d3 O-O 10. O-O a6 11. Re1 f6 12. a3 Bc5 13. Be3 Nd4 14. Ne4 Ba7 15.
Nxd4 Bxd4 16. Bxd4 Qxd4 17. Nc3 Bf5 18. Qf3 Bc8 19. Re4 Qd6 20. Rae1 Bd7 21. Qh5
Be8 22. Qh4 Bc6 23. R4e3 Rad8 24. Qc4+ Kh8 25. Ne4 Qd4 26. Qxd4 Rxd4 27. Nc3 Kg8
28. Ne2 Rd6 29. f4 exf4 30. Nxf4 Rf7 31. Kf2 b5 32. c3 Rfd7 33. Re8+ Kf7 34. d4
g5 35. Nd3 Kg6 36. Nc5 Rf7 37. R8e7 Bd5 38. Re8 a5 39. R1e7 a4 40. Rg8+ Kh6 41.
Rxf7 Bxf7 42. Rc8 Rc6 43. Rb8 Bc4 44. Rc8 Kg6 45. g3 f5 46. h4 h5 47. Nd7 Be6
48. Ne5+ Kg7 49. Rb8 Rb6 50. Rxb6 cxb6 51. hxg5 Bc4 52. Ke3 Bb3 53. Nd7 Kg6 54.
Kf4 Bc2 55. Nxb6 Bb3 56. d5 Kf7 57. Kxf5 1-0

[Event "2023 IBCA European Team Championship for the Blind and Visually Impaired"]
[Site "Genoa, Italy"]
[Date "2023.04.28"]
[Round "8"]
[White "Arsov, Filip"]
[Black "Muri, Emil"]
[Result "0-1"]
[Time "15:00:00"]
[UTCTime "13:00:00"]
[UTCDate "2023.04.28"]
[Board "6.4"]
[WhiteTeam "North Macedonia"]
[BlackTeam "Slovenia"]
[WhiteCountry "MKD"]
[BlackCountry "SLO"]
[WhiteTitle "-"]
[BlackTitle "-"]
[WhiteElo "1624"]
[BlackElo "1799"]
[TimeControl "5400+30"]
[Opening "Pirc defence"]
[ECO "B07"]
[PlyCount "54"]
[EventDate "2023.04.20"]
[EventType "team"]
[EventRounds "9"]
[EventCountry "ITA"]
[Annotator "Vrioni, Bersan"]

1. e4 d6 2. d4 Nf6 3. Nc3 Nbd7 4. Nf3 e5 5. Bc4 Be7 6. a4 b6 7. O-O c6 8. Re1
O-O 9. h3 a6 10. Ba2 Bb7 11. dxe5 dxe5 12. Nh4 Nxe4 13. Rxe4 Bxh4 14. Be3 Bf6
15. Qh5 g6 16. Qg4 Qc7 17. h4 Bg7 18. h5 Nf6 19. Qh4 Nxh5 20. Bg5 Nf4 21. Bxf4
exf4 22. Rxf4 c5 23. Nd5 Bxd5 24. Bxd5 Rad8 25. Rd1 Kh8 26. c3 Qe5 27. c4 g5 0-1

[Event "2023 IBCA European Team Championship for the Blind and Visually Impaired"]
[Site "Genoa, Italy"]
[Date "2023.04.28"]
[Round "8"]
[White "Thevenet, Yann"]
[Black "Casadei, Marco"]
[Result "1/2-1/2"]
[Time "15:00:00"]
[UTCTime "13:00:00"]
[UTCDate "2023.04.28"]
[Board "7.1"]
[WhiteTeam "France"]
[BlackTeam "Italy"]
[WhiteCountry "FRA"]
[BlackCountry "ITA"]
[WhiteTitle "-"]
[BlackTitle "-"]
[WhiteElo "1960"]
[BlackElo "1982"]
[TimeControl "5400+30"]
[Opening "Sicilian"]
[Variation "Grand Prix attack"]
[ECO "B23"]
[PlyCount "21"]
[EventDate "2023.04.20"]
[EventType "team"]
[EventRounds "9"]
[EventCountry "ITA"]
[Annotator "Vrioni, Bersan"]

1. e4 c5 2. Nc3 Nc6 3. f4 g6 4. Nf3 Bg7 5. Bc4 e6 6. O-O Nge7 7. e5 d5 8. exd6
Qxd6 9. Ne4 Qc7 10. d3 b6 11. Qe1 1/2-1/2

[Event "2023 IBCA European Team Championship for the Blind and Visually Impaired"]
[Site "Genoa, Italy"]
[Date "2023.04.28"]
[Round "8"]
[White "Meyer, Eric"]
[Black "Badano, Giancarlo"]
[Result "0-1"]
[Time "15:00:00"]
[UTCTime "13:00:00"]
[UTCDate "2023.04.28"]
[Board "7.3"]
[WhiteTeam "France"]
[BlackTeam "Italy"]
[WhiteCountry "FRA"]
[BlackCountry "ITA"]
[WhiteTitle "-"]
[BlackTitle "-"]
[WhiteElo "1677"]
[BlackElo "1742"]
[TimeControl "5400+30"]
[Opening "Queen's pawn"]
[ECO "A40"]
[PlyCount "96"]
[EventDate "2023.04.20"]
[EventType "team"]
[EventRounds "9"]
[EventCountry "ITA"]
[Annotator "Vrioni, Bersan"]

1. d4 e6 2. Nf3 d5 3. Bf4 c5 4. e3 Nc6 5. c3 Nf6 6. Nbd2 Be7 7. Bd3 O-O 8. Ne5
Bd7 9. O-O Rc8 10. Qe2 cxd4 11. exd4 Nxe5 12. dxe5 Ne8 13. Qe3 a6 14. Qg3 f5 15.
Nf3 g6 16. Nd4 Ng7 17. Qh3 h5 18. Bh6 Kh7 19. Bxg7 Kxg7 20. Rfe1 Bg5 21. Re2 Qe7
22. Nf3 Qd8 23. Nxg5 Qxg5 24. Rae1 Qg4 25. Qxg4 fxg4 26. Re3 Rf4 27. R1e2 Rc7
28. h4 a5 29. Kh2 b5 30. Kg3 Rf8 31. f4 Rfc8 32. a3 Rb8 33. Rc2 Rbc8 34. Rd2 Be8
35. Kf2 Kf7 36. g3 Ke7 37. Ke1 Rb8 38. Kd1 Kf7 39. Be2 b4 40. axb4 axb4 41. cxb4
Rxb4 42. Rc3 Rxc3 43. bxc3 Rb1+ 44. Kc2 Rg1 45. Rd3 Bb5 46. Re3 Bxe2 47. Rxe2
Rxg3 48. Kd2 Rf3 0-1

[Event "2023 IBCA European Team Championship for the Blind and Visually Impaired"]
[Site "Genoa, Italy"]
[Date "2023.04.28"]
[Round "8"]
[White "Pezzolato, Erica"]
[Black "Ambrosino, Theo"]
[Result "0-1"]
[Time "15:00:00"]
[UTCTime "13:00:00"]
[UTCDate "2023.04.28"]
[Board "7.4"]
[WhiteTeam "Italy"]
[BlackTeam "France"]
[WhiteCountry "ITA"]
[BlackCountry "FRA"]
[WhiteTitle "-"]
[BlackTitle "-"]
[WhiteElo "1453"]
[BlackElo "1672"]
[TimeControl "5400+30"]
[Opening "English opening"]
[ECO "A15"]
[PlyCount "46"]
[EventDate "2023.04.20"]
[EventType "team"]
[EventRounds "9"]
[EventCountry "ITA"]
[Annotator "Vrioni, Bersan"]

1. c4 Nf6 2. Nf3 e6 3. g3 d5 4. cxd5 exd5 5. Bg2 c5 6. d3 Nc6 7. O-O Bd6 8. e3
O-O 9. d4 Bg4 10. Nc3 cxd4 11. exd4 Bb4 12. a3 Bxc3 13. bxc3 Rc8 14. Bg5 Na5 15.
Qc2 h6 16. Bd2 Ne4 17. Be1 Bf5 18. Qb2 Rc6 19. Rc1 Rb6 20. Qa2 Nc4 21. Rb1 Rxb1
22. Qxb1 Nxg3 23. Qxf5 Nxf5 0-1

[Event "2023 IBCA European Team Championship for the Blind and Visually Impaired"]
[Site "Genoa, Italy"]
[Date "2023.04.29"]
[Round "9"]
[White "Deville, Olivier"]
[Black "Jandric, Damjan"]
[Result "0-1"]
[Time "09:30:00"]
[UTCTime "07:30:00"]
[UTCDate "2023.04.29"]
[Board "1.2"]
[WhiteTeam "France"]
[BlackTeam "Serbia"]
[WhiteCountry "FRA"]
[BlackCountry "SRB"]
[WhiteTitle "-"]
[BlackTitle "CM"]
[WhiteElo "1770"]
[BlackElo "2110"]
[TimeControl "5400+30"]
[Opening "King's Indian"]
[Variation "5.Nf3"]
[ECO "E90"]
[PlyCount "40"]
[EventDate "2023.04.20"]
[EventType "team"]
[EventRounds "9"]
[EventCountry "ITA"]
[Annotator "Vrioni, Bersan"]

1. d4 Nf6 2. c4 g6 3. Nc3 Bg7 4. e4 d6 5. Nf3 Bg4 6. Be3 Nc6 7. Be2 Bxf3 8. Bxf3
e5 9. d5 Nd4 10. Bxd4 O-O 11. Qd2 Nd7 12. O-O Re8 13. Rfe1 a6 14. Rac1 Qh4 15.
g3 Qf6 16. Bg2 Re7 17. f4 Rae8 18. Ne2 Nc5 19. Bc3 h5 20. Bd4 Na4 0-1

[Event "2023 IBCA European Team Championship for the Blind and Visually Impaired"]
[Site "Genoa, Italy"]
[Date "2023.04.29"]
[Round "9"]
[White "Bursuc, Mihai"]
[Black "Wolanski, Michal"]
[Result "1/2-1/2"]
[Time "09:30:00"]
[UTCTime "07:30:00"]
[UTCDate "2023.04.29"]
[Board "2.4"]
[WhiteTeam "Romania"]
[BlackTeam "Poland"]
[WhiteCountry "ROU"]
[BlackCountry "POL"]
[WhiteTitle "-"]
[BlackTitle "-"]
[WhiteElo "1808"]
[BlackElo "1969"]
[TimeControl "5400+30"]
[Opening "Sicilian"]
[Variation "Nimzovich-Rossolimo attack (without ...d6)"]
[ECO "B30"]
[PlyCount "23"]
[EventDate "2023.04.20"]
[EventType "team"]
[EventRounds "9"]
[EventCountry "ITA"]
[Annotator "Vrioni, Bersan"]

1. e4 c5 2. Nf3 Nc6 3. Bb5 e6 4. Bxc6 bxc6 5. O-O d5 6. d3 Bd6 7. Nc3 Ne7 8. b3
O-O 9. Na4 Ba6 10. c4 Ng6 11. Ba3 Qe7 12. Re1 1/2-1/2

[Event "2023 IBCA European Team Championship for the Blind and Visually Impaired"]
[Site "Genoa, Italy"]
[Date "2023.04.29"]
[Round "9"]
[White "Draghici Flutur, Gavril"]
[Black "Ursic, Aleksander"]
[Result "1-0"]
[Time "09:30:00"]
[UTCTime "07:30:00"]
[UTCDate "2023.04.29"]
[Board "3.1"]
[WhiteTeam "Spain"]
[BlackTeam "Slovenia"]
[WhiteCountry "ESP"]
[BlackCountry "SLO"]
[WhiteTitle "-"]
[BlackTitle "-"]
[WhiteElo "1989"]
[BlackElo "1834"]
[TimeControl "5400+30"]
[Opening "English"]
[Variation "symmetrical variation"]
[ECO "A30"]
[PlyCount "29"]
[EventDate "2023.04.20"]
[EventType "team"]
[EventRounds "9"]
[EventCountry "ITA"]
[Annotator "Vrioni, Bersan"]

1. c4 c5 2. Nf3 d6 3. d4 cxd4 4. Nxd4 Nf6 5. Nc3 g6 6. Be3 Bg7 7. Qd2 Nc6 8.
O-O-O Bd7 9. f3 a6 10. g4 h5 11. g5 Nh7 12. f4 O-O 13. Nd5 Nxd4 14. Bxd4 Bxd4
15. Qxd4 1-0

[Event "2023 IBCA European Team Championship for the Blind and Visually Impaired"]
[Site "Genoa, Italy"]
[Date "2023.04.29"]
[Round "9"]
[White "Znuderl, Matej"]
[Black "Vela Ignacio, Jose Manuel"]
[Result "1/2-1/2"]
[Time "09:30:00"]
[UTCTime "07:30:00"]
[UTCDate "2023.04.29"]
[Board "3.2"]
[WhiteTeam "Slovenia"]
[BlackTeam "Spain"]
[WhiteCountry "SLO"]
[BlackCountry "ESP"]
[WhiteTitle "-"]
[BlackTitle "-"]
[WhiteElo "1838"]
[BlackElo "1974"]
[TimeControl "5400+30"]
[Opening "English opening"]
[ECO "A20"]
[PlyCount "114"]
[EventDate "2023.04.20"]
[EventType "team"]
[EventRounds "9"]
[EventCountry "ITA"]
[Annotator "Vrioni, Bersan"]

1. c4 e5 2. g3 c6 3. Bg2 d5 4. b3 Bc5 5. Bb2 f6 6. Nc3 dxc4 7. Nf3 Be6 8. O-O
cxb3 9. axb3 Ne7 10. Ne4 Bb6 11. d4 Bd5 12. Ned2 exd4 13. Nc4 O-O 14. Nxb6 Qxb6
15. Bxd4 Qxb3 16. Qxb3 Bxb3 17. Rfb1 Bc4 18. Rxb7 Re8 19. e3 a6 20. Bc5 Ng6 21.
Nd2 Bd5 22. e4 Be6 23. f4 Bc8 24. Ra7 Rxa7 25. Bxa7 Nd7 26. Nc4 Ndf8 27. Nd6 Rd8
28. Nxc8 Rxc8 29. Rxa6 Ra8 30. Ra1 Ne7 31. Bd4 Rxa1+ 32. Bxa1 Kf7 33. Kf2 Nd7
34. Ke3 Ke6 35. Bb2 Kd6 36. Bh3 Nb6 37. e5+ Kc7 38. exf6 gxf6 39. Ke4 Nbd5 40.
Bf5 h6 41. Be6 Kd6 42. f5 c5 43. g4 c4 44. Bc1 Nc3+ 45. Kf3 Nc6 46. Bxh6 Nd4+
47. Ke3 Nxe6 48. fxe6 Kxe6 49. Kd4 Nd1 50. h4 Nf2 51. g5 fxg5 52. Bxg5 Kf5 53.
Kxc4 Ne4 54. Bd8 Kg4 55. Kd5 Ng3 56. Ke5 Nf5 57. h5 Kxh5 1/2-1/2

[Event "2023 IBCA European Team Championship for the Blind and Visually Impaired"]
[Site "Genoa, Italy"]
[Date "2023.04.29"]
[Round "9"]
[White "Eichstaedt, Mirko"]
[Black "Cajzler, Hinko"]
[Result "1-0"]
[Time "09:30:00"]
[UTCTime "07:30:00"]
[UTCDate "2023.04.29"]
[Board "4.1"]
[WhiteTeam "Germany"]
[BlackTeam "Croatia"]
[WhiteCountry "GER"]
[BlackCountry "CRO"]
[WhiteTitle "CM"]
[BlackTitle "-"]
[WhiteElo "2241"]
[BlackElo "2030"]
[TimeControl "5400+30"]
[Opening "Reti opening"]
[ECO "A06"]
[PlyCount "61"]
[EventDate "2023.04.20"]
[EventType "team"]
[EventRounds "9"]
[EventCountry "ITA"]
[Annotator "Vrioni, Bersan"]

1. Nf3 d5 2. d4 Nf6 3. c4 e6 4. g3 b6 5. Bg2 Bb7 6. O-O Be7 7. Nc3 O-O 8. cxd5
Nxd5 9. Qc2 Nd7 10. e4 Nxc3 11. bxc3 c5 12. Rd1 cxd4 13. cxd4 Rc8 14. Qe2 Nf6
15. Ne1 Qd7 16. f3 Qa4 17. Bf1 Rfd8 18. Be3 Ba3 19. Rab1 Bb4 20. Qb5 Qxb5 21.
Bxb5 Be7 22. a4 Bc6 23. Ra1 Bb4 24. Ba6 Rc7 25. Rdc1 Bxe1 26. Bb5 Bb4 27. Bxc6
h6 28. Rc4 Rdc8 29. Rac1 Ba3 30. R1c3 Bc5 31. Bb5 1-0

[Event "2023 IBCA European Team Championship for the Blind and Visually Impaired"]
[Site "Genoa, Italy"]
[Date "2023.04.29"]
[Round "9"]
[White "Culjak, Miso"]
[Black "Schellmann, Frank"]
[Result "0-1"]
[Time "09:30:00"]
[UTCTime "07:30:00"]
[UTCDate "2023.04.29"]
[Board "4.2"]
[WhiteTeam "Croatia"]
[BlackTeam "Germany"]
[WhiteCountry "CRO"]
[BlackCountry "GER"]
[WhiteTitle "-"]
[BlackTitle "CM"]
[WhiteElo "1705"]
[BlackElo "1936"]
[TimeControl "5400+30"]
[Opening "King's Indian, 3.Nf3"]
[ECO "E60"]
[PlyCount "122"]
[EventDate "2023.04.20"]
[EventType "team"]
[EventRounds "9"]
[EventCountry "ITA"]
[Annotator "Vrioni, Bersan"]

1. d4 Nf6 2. c4 g6 3. Nf3 Bg7 4. e3 O-O 5. Be2 c5 6. O-O cxd4 7. exd4 d5 8. b3
Nc6 9. Bb2 Bf5 10. a3 dxc4 11. bxc4 Qb6 12. Qc1 Ne4 13. c5 Nxc5 14. dxc5 Qxb2
15. Qxb2 Bxb2 16. Ra2 Bf6 17. h3 Rac8 18. Nbd2 Nd4 19. Nxd4 Bxd4 20. Bg4 Bxg4
21. hxg4 Bxc5 22. Rb1 b6 23. a4 Rfd8 24. Nb3 Bb4 25. a5 bxa5 26. Nxa5 Bxa5 27.
Rxa5 Rc7 28. Rba1 Rdd7 29. g3 h6 30. R1a2 Kg7 31. Kg2 e6 32. Kh3 Kf6 33. Kg2 Ke7
34. Kh3 Rb7 35. f4 f5 36. gxf5 gxf5 37. Kh4 Kf6 38. g4 fxg4 39. Kxg4 Rg7+ 40.
Kf3 Rb3+ 41. Kf2 Rg4 42. Rxa7 Rxf4+ 43. Kg2 Rb5 44. R7a3 Rg5+ 45. Rg3 Rff5 46.
Ra8 Rxg3+ 47. Kxg3 h5 48. Rb8 Ra5 49. Rh8 Ra3+ 50. Kh4 Ra1 51. Rh6+ Ke7 52. Rxh5
Rh1+ 53. Kg4 Rxh5 54. Kxh5 Kf6 55. Kg4 Ke5 56. Kf3 Kd4 57. Ke2 Ke4 58. Ke1 Ke3
59. Kf1 e5 60. Ke1 e4 61. Kf1 Kd2 0-1

[Event "2023 IBCA European Team Championship for the Blind and Visually Impaired"]
[Site "Genoa, Italy"]
[Date "2023.04.29"]
[Round "9"]
[White "Dobierzin, Olaf"]
[Black "Kljaic, Kresimir"]
[Result "1/2-1/2"]
[Time "09:30:00"]
[UTCTime "07:30:00"]
[UTCDate "2023.04.29"]
[Board "4.3"]
[WhiteTeam "Germany"]
[BlackTeam "Croatia"]
[WhiteCountry "GER"]
[BlackCountry "CRO"]
[WhiteTitle "-"]
[BlackTitle "-"]
[WhiteElo "1935"]
[BlackElo "1520"]
[TimeControl "5400+30"]
[Opening "Sicilian"]
[Variation "dragon variation"]
[ECO "B70"]
[PlyCount "78"]
[EventDate "2023.04.20"]
[EventType "team"]
[EventRounds "9"]
[EventCountry "ITA"]
[Annotator "Vrioni, Bersan"]

1. e4 c5 2. Nf3 d6 3. d4 cxd4 4. Nxd4 Nf6 5. Nc3 g6 6. Be2 Bg7 7. Be3 O-O 8. O-O
Nc6 9. Qd2 Nxd4 10. Bxd4 Be6 11. f4 Rc8 12. Bf3 Qa5 13. Rfd1 Rc7 14. Nd5 Qxd2
15. Rxd2 Nxd5 16. Bxg7 Kxg7 17. exd5 Bf5 18. c3 h5 19. g3 Rfc8 20. Kg2 a5 21. h3
Rc4 22. Re1 R8c7 23. Rde2 Kf8 24. g4 hxg4 25. hxg4 Bc8 26. Kg3 b5 27. Rh2 e6 28.
Rh8+ Kg7 29. Reh1 Kf6 30. Be2 R4c5 31. g5+ Ke7 32. dxe6 Bxe6 33. Rb8 b4 34. cxb4
axb4 35. Rhh8 Rc8 36. Rhxc8 Rxc8 37. Rxb4 Bxa2 38. Rb7+ Kd8 39. Bd3 Bd5 1/2-1/2

[Event "2023 IBCA European Team Championship for the Blind and Visually Impaired"]
[Site "Genoa, Italy"]
[Date "2023.04.29"]
[Round "9"]
[White "Yatsishin, Ivan"]
[Black "Arsov, Filip"]
[Result "1-0"]
[Time "09:30:00"]
[UTCTime "07:30:00"]
[UTCDate "2023.04.29"]
[Board "5.4"]
[WhiteTeam "Ukraine"]
[BlackTeam "North Macedonia"]
[WhiteCountry "UKR"]
[BlackCountry "MKD"]
[WhiteTitle "-"]
[BlackTitle "-"]
[WhiteElo "2049"]
[BlackElo "1624"]
[TimeControl "5400+30"]
[Opening "Caro-Kann"]
[Variation "advance variation"]
[ECO "B12"]
[PlyCount "43"]
[EventDate "2023.04.20"]
[EventType "team"]
[EventRounds "9"]
[EventCountry "ITA"]
[Annotator "Vrioni, Bersan"]

1. e4 c6 2. d4 d5 3. e5 Bf5 4. h4 h5 5. Bd3 Bxd3 6. Qxd3 e6 7. Nf3 Be7 8.
Bg5 Qb6 9. Nbd2 c5 10. c4 Nc6 11. a3 O-O-O 12. dxc5 Qxc5 13. b4 Qb6 14. b5
Na5 15. Be3 Bc5 16. Bxc5 Qxc5 17. Rc1 dxc4 18. Qc3 Qxb5 19. Ne4 Kb8 20. Nd6
Qc5 21. Nxf7 Rd3 22. Qxd3 1-0

[Event "2023 IBCA European Team Championship for the Blind and Visually Impaired"]
[Site "Genoa, Italy"]
[Date "2023.04.29"]
[Round "9"]
[White "Nizam, Rasim"]
[Black "Asllani, Muhamet"]
[Result "0-1"]
[Time "09:30:00"]
[UTCTime "07:30:00"]
[UTCDate "2023.04.29"]
[Board "6.1"]
[WhiteTeam "Bulgaria"]
[BlackTeam "Kosovo"]
[WhiteCountry "BUL"]
[BlackCountry "KOS"]
[WhiteTitle "IM"]
[BlackTitle "-"]
[WhiteElo "2176"]
[BlackElo "2238"]
[TimeControl "5400+30"]
[Opening "Caro-Kann"]
[Variation "advance variation"]
[ECO "B12"]
[PlyCount "68"]
[EventDate "2023.04.20"]
[EventType "team"]
[EventRounds "9"]
[EventCountry "ITA"]
[Annotator "Vrioni, Bersan"]

1. e4 c6 2. d4 d5 3. e5 Bf5 4. Nf3 e6 5. Be2 c5 6. Be3 Qb6 7. Nc3 c4 8. Rb1 Bb4
9. O-O Nc6 10. a3 Bxc3 11. bxc3 Qc7 12. Nh4 Nge7 13. Qc1 h6 14. Qb2 Rb8 15. a4
Bh7 16. Qa2 O-O 17. f4 Qa5 18. Qb2 a6 19. Ra1 b5 20. Ra2 b4 21. Bd2 b3 22. cxb3
Rxb3 23. Qc1 Rfb8 24. Bd1 Rb1 25. Qa3 Bd3 26. Re1 Qb6 27. Nf3 Rb2 28. Rxb2 Qxb2
29. Qxb2 Rxb2 30. Kf2 Na5 31. g4 Nb3 32. Ke3 Be4 33. Bxb3 cxb3 34. Bc1 Rc2 0-1

[Event "2023 IBCA European Team Championship for the Blind and Visually Impaired"]
[Site "Genoa, Italy"]
[Date "2023.04.29"]
[Round "9"]
[White "Berisha, Xhafer"]
[Black "Stoykov, Stoyan"]
[Result "1-0"]
[Time "09:30:00"]
[UTCTime "07:30:00"]
[UTCDate "2023.04.29"]
[Board "6.4"]
[WhiteTeam "Kosovo"]
[BlackTeam "Bulgaria"]
[WhiteCountry "KOS"]
[BlackCountry "BUL"]
[WhiteTitle "-"]
[BlackTitle "-"]
[WhiteElo "1448"]
[BlackElo "1716"]
[TimeControl "5400+30"]
[Opening "Ruy Lopez"]
[Variation "Bird's defence"]
[ECO "C61"]
[PlyCount "59"]
[EventDate "2023.04.20"]
[EventType "team"]
[EventRounds "9"]
[EventCountry "ITA"]
[Annotator "Vrioni, Bersan"]

1. e4 e5 2. Nf3 Nc6 3. Bb5 Nd4 4. Nxd4 exd4 5. c3 Qg5 6. Be2 dxc3 7. dxc3 Qxg2
8. Bf3 Qg6 9. Nd2 Bc5 10. Qe2 Ne7 11. Nb3 Bb6 12. Be3 Bxe3 13. Qxe3 O-O 14.
O-O-O a5 15. a4 d6 16. Rhg1 Qf6 17. Nd4 Bd7 18. b3 Nc6 19. Ne2 Ne5 20. Nf4 g6
21. Be2 Rfc8 22. Nd5 Qd8 23. f4 Nc6 24. Qf3 f5 25. Qh5 Kg7 26. Rg2 Ne7 27. Rdg1
Nxd5 28. Rxg6+ Kh8 29. Rg7 Nf6 30. Qh6 1-0

[Event "2023 IBCA European Team Championship for the Blind and Visually Impaired"]
[Site "Genoa, Italy"]
[Date "2023.04.29"]
[Round "9"]
[White "Casadei, Marco"]
[Black "Streltsov, Alexey"]
[Result "1/2-1/2"]
[Time "09:30:00"]
[UTCTime "07:30:00"]
[UTCDate "2023.04.29"]
[Board "7.1"]
[WhiteTeam "Italy"]
[BlackTeam "Israel"]
[WhiteCountry "ITA"]
[BlackCountry "ISR"]
[WhiteTitle "-"]
[BlackTitle "FM"]
[WhiteElo "1982"]
[BlackElo "2326"]
[TimeControl "5400+30"]
[Opening "Sicilian"]
[Variation "Taimanov (Bastrikov) variation"]
[ECO "B47"]
[PlyCount "99"]
[EventDate "2023.04.20"]
[EventType "team"]
[EventRounds "9"]
[EventCountry "ITA"]
[Annotator "Vrioni, Bersan"]

1. e4 c5 2. Nf3 e6 3. d4 cxd4 4. Nxd4 Nc6 5. Nc3 Qc7 6. Nxc6 bxc6 7. Bd3 Nf6 8.
O-O d5 9. f4 Bc5+ 10. Kh1 h5 11. Qe2 h4 12. Be3 Qe7 13. Na4 Nh5 14. Rf3 Ng3+ 15.
Rxg3 hxg3 16. h3 d4 17. Nxc5 Qxc5 18. Bg1 Rb8 19. Qg4 g6 20. f5 e5 21. Qxg3 gxf5
22. exf5 Qd5 23. Re1 f6 24. Qg6+ Qf7 25. Bxd4 Qxg6 26. fxg6 Rb7 27. Bc3 Be6 28.
Rf1 Bd5 29. Rxf6 Rxh3+ 30. Kg1 Rg3 31. Bxe5 Rxg2+ 32. Kf1 Re7 33. c4 Rxe5 34.
cxd5 Reg5 35. dxc6 Rg1+ 36. Kf2 R1g2+ 37. Ke3 R5g3+ 38. Rf3 Rxg6 39. Bxg6+ Rxg6
40. Rh3 Kd8 41. Rh7 a6 42. c7+ Kc8 43. Kd4 Rc6 44. Rh3 Rc2 45. Rb3 Rh2 46. Ra3
Rxb2 47. Rxa6 Kxc7 48. Ra3 Rh2 49. Rc3+ Kb6 50. a3 1/2-1/2

[Event "2023 IBCA European Team Championship for the Blind and Visually Impaired"]
[Site "Genoa, Italy"]
[Date "2023.04.29"]
[Round "9"]
[White "Radovilsky, Yan"]
[Black "Vrioni, Bersan"]
[Result "1/2-1/2"]
[Time "09:30:00"]
[UTCTime "07:30:00"]
[UTCDate "2023.04.29"]
[Board "7.2"]
[WhiteTeam "Israel"]
[BlackTeam "Italy"]
[WhiteCountry "ISR"]
[BlackCountry "ITA"]
[WhiteTitle "-"]
[BlackTitle "-"]
[WhiteElo "2014"]
[BlackElo "1910"]
[TimeControl "5400+30"]
[Opening "English opening"]
[ECO "A13"]
[PlyCount "38"]
[EventDate "2023.04.20"]
[EventType "team"]
[EventRounds "9"]
[EventCountry "ITA"]
[Annotator "Vrioni, Bersan"]

1. c4 e6 2. Nc3 Nf6 3. e4 d5 4. e5 Nfd7 5. cxd5 Nxe5 6. d4 Ng6 7. Bb5+ c6 8.
dxc6 Nxc6 9. Nf3 Bd7 10. O-O a6 11. Bd3 Be7 12. a3 O-O 13. Be3 Bd6 14. Ne4 Bf4
15. Nc5 Bxe3 16. fxe3 Bc8 17. Rc1 Nce7 18. b4 b6 19. Nb3 Bb7 1/2-1/2

[Event "2023 IBCA European Team Championship for the Blind and Visually Impaired"]
[Site "Genoa, Italy"]
[Date "2023.04.29"]
[Round "9"]
[White "Badano, Giancarlo"]
[Black "Alon, Levi"]
[Result "1-0"]
[Time "09:30:00"]
[UTCTime "07:30:00"]
[UTCDate "2023.04.29"]
[Board "7.3"]
[WhiteTeam "Italy"]
[BlackTeam "Israel"]
[WhiteCountry "ITA"]
[BlackCountry "ISR"]
[WhiteTitle "-"]
[BlackTitle "-"]
[WhiteElo "1742"]
[BlackElo "1668"]
[TimeControl "5400+30"]
[Opening "Petrov three knights game"]
[ECO "C42"]
[PlyCount "81"]
[EventDate "2023.04.20"]
[EventType "team"]
[EventRounds "9"]
[EventCountry "ITA"]
[Annotator "Vrioni, Bersan"]

1. e4 e5 2. Nf3 Nf6 3. Nc3 d6 4. Bc4 Be7 5. d3 c6 6. h3 O-O 7. O-O Nbd7 8. Ne2
b5 9. Bb3 a5 10. c3 a4 11. Bc2 Nc5 12. Ng3 Re8 13. Be3 Bf8 14. Qd2 d5 15. Rad1
Bd7 16. Rfe1 Qc7 17. Kh2 Rad8 18. Qe2 Ne6 19. Nh4 Nf4 20. Qf3 g6 21. Ne2 g5 22.
Nf5 Bxf5 23. exf5 Bd6 24. g3 e4 25. Qh1 exd3 26. Bxd3 Nxd3 27. Rxd3 Ne4 28. Qf3
Be5 29. Kg2 h6 30. Red1 Bg7 31. Bd4 Bxd4 32. Nxd4 Nf6 33. b4 axb3 34. axb3 Re5
35. Nc2 Rde8 36. Ne3 Kg7 37. Ng4 Nxg4 38. hxg4 f6 39. c4 bxc4 40. bxc4 dxc4 41.
Rd7+ 1-0